 Dungeon Crawl Stone Soup version 0.23.2-1-ga50397a (webtiles) character file.

Game seed: 13389049000837112967

115 myga the Digger (level 5, 0/37 (38) HPs)
             Began as a Ghoul Earth Elementalist on Apr 30, 2019.
             Slain by a goblin (2 damage)
             ... on level 3 of the Dungeon on May 1, 2019.
             The game lasted 00:09:50 (1678 turns).

myga the Digger (Ghoul Earth Elementalist)          Turns: 1678, Time: 00:09:51

HP:   0/37 (38)     AC:  2    Str: 12    XL:     5   Next: 0%
MP:   5/8           EV: 12    Int: 10    God:
Gold: 92            SH:  0    Dex: 10    Spells: 6/9 levels left

rFire    . . .     SeeInvis .     - Unarmed
rCold    + . .     Gourm    .   (no shield)
rNeg     + + +     Faith    .   c - +0 robe
rPois    ∞         Spirit   .   (no helmet)
rElec    .         Reflect  .   (no cloak)
rCorr    +         Harm     .   (no gloves)
MR       .....                  (no boots)
Stlth    +++.......             (no amulet)
HPRegen  0.00/turn              a - ring of resist corrosion (curse)
MPRegen  0.11/turn              g - ring of stealth

@: rotting
A: rotting body, claws 1, carnivore, cold resistance 1, negative energy
resistance 3, inhibited regeneration, torment resistance, unbreathing
a: no special abilities


You were on level 3 of the Dungeon.
You were near starving.

You visited 1 branch of the dungeon, and saw 3 of its levels.

You collected 92 gold pieces.

Inventory:

Missiles
 b - 50 stones (quivered)
Armour
 c - a +0 robe (worn)
Jewellery
 a - a cursed ring of resist corrosion (left claw)
 g - a ring of stealth (right claw)
 j - an uncursed ring of resist corrosion
Scrolls
 f - a scroll of blinking
 i - 2 scrolls of enchant weapon
 k - a scroll of fog
 m - a scroll of remove curse {unknown}
Potions
 l - a potion of lignification
Comestibles
 d - 4 rations


   Skills:
 + Level 0.2 Fighting
 + Level 2.0 Dodging
 + Level 3.1 Stealth
 + Level 1.5 Unarmed Combat
 + Level 2.7 Spellcasting
 + Level 0.8 Transmutations
 + Level 4.2 Earth Magic


You had 6 spell levels left.
You knew the following spells:

 Your Spells              Type           Power        Failure   Level  Hunger
a - Sandblast             Erth           #.....       4%          1    ##.....
b - Passwall              Tmut/Erth      #.......     16%         2    ###....

Your spell library contained the following spells:

 Spells                   Type           Power        Failure   Level  Hunger
 Stone Arrow              Conj/Erth      #.....       36%         3    ####...
 Petrify                  Tmut/Erth      #.......     69%         4    #####..
 Lee's Rapid Deconstruct  Erth           #.........   80%         5    ######.


Dungeon Overview and Level Annotations

Branches:
Dungeon (3/15)

Altars:
Ashenzari
Dithmenos
Fedhas

Annotations:
D:3 Sigmund


Innate Abilities, Weirdness & Mutations

Your body is rotting away.
You thrive on raw meat.
You are immune to poison.
You have sharp fingernails.
You are carnivorous and can eat meat at any time.
Your flesh is cold resistant. (rC+)
You are immune to negative energy. (rN+++)
You do not regenerate when monsters are visible.
You are immune to unholy pain and torment.
You can survive without breathing.


Message History

A quokka comes into view.
The quokka moves out of view.
An orc comes into view.
Your magical contamination has completely faded away.
A bat comes into view.
Found a shattered altar of Ashenzari.
Sigmund the Dreaded comes into view.
He is wielding a +0 scythe and wearing a +2 robe of magic resistance.
Sigmund barely misses you.
Found a scroll labeled JUIPEO ZOSEILE.
You see here a scroll labeled JUIPEO ZOSEILE.
A goblin comes into view.
Sigmund casts a spell.
Sigmund flickers and vanishes!
Deactivating autopickup; reactivate with Ctrl-A.
The goblin shouts!
A hobgoblin comes into view. It is wielding a +0 club.
The goblin barely misses you. The goblin closely misses you.
The hobgoblin barely misses you. The goblin hits you.
You die...

#.# #...o..####.##
#.# #.............
#.##....##....##...
##.##.##.#####....#
#.....##.# #.####
#..r#....# #.##
#..o# #..#####r.####
#.og# ............
#..@# .........#..
#..g.# ......#....#
#...... ......#.....
#...#...............
######..........#...
##..#.....#.##
..........## ## # .


You could see 2 orcs, a quokka, a hobgoblin and a goblin.

Vanquished Creatures
  A hound (D:3)
  4 adders (D:2)
  An ooze (D:2)
  A worm (D:2)
  A dart slug (D:2)
  2 leopard geckos
  4 bats
  2 giant cockroaches (D:1)
  7 goblins
  2 hobgoblins (D:1)
  7 kobolds
  4 frilled lizards
  4 rats
40 creatures vanquished.

Notes
Turn   | Place    | Note
-------+----------+-------------------------------------------
     0 | D:1      | myga the Ghoul Earth Elementalist began the quest for the
                  | Orb.
     0 | D:1      | Reached XP level 1. HP: 14/14 MP: 2/2
   337 | D:1      | Reached XP level 2. HP: 11/20 MP: 2/4
   491 | D:1      | Learned a level 2 spell: Passwall
   711 | D:2      | Reached XP level 3. HP: 22/26 MP: 1/5
   844 | D:2      | Found a blossoming altar of Fedhas.
   967 | D:2      | Reached skill level 1 in Unarmed Combat
   995 | D:2      | Found a shadowy altar of Dithmenos.
  1149 | D:2      | Reached XP level 4. HP: 18/33 MP: 0/6
  1302 | D:2      | Reached skill level 4 in Earth Magic
  1632 | D:3      | HP: 1/32 [bat (1)]
  1636 | D:3      | Reached XP level 5. HP: 2/37 MP: 1/8
  1655 | D:3      | Found a shattered altar of Ashenzari.
  1658 | D:3      | Noticed Sigmund
  1678 | D:3      | Slain by a goblin

Skill      XL: |  1  2  3  4 |
---------------+-------------+-----
Spellcasting   | 2 |  2.7
Unarmed Combat | 1 |  1.5
Dodging        | 2 |  2.0
Earth Magic    | 4 |  4.2
Stealth        | 3 |  3.1
Fighting       | |  0.2
Transmutations | |  0.8

Action                   |  1- 3 |  4- 6 || total
-------------------------+-------+-------++-------
Melee: Unarmed           |    51 |     9 ||    60
Throw: Stone             |     8 |       ||     8
 Cast: Sandblast         |    35 |    15 ||    50
  Use: Scroll            |     1 |     3 ||     4
 Stab: Sleeping          |     3 |     1 ||     4
  Eat: Chunk             |     1 |     1 ||     2
Armor: Robe              |     4 |     4 ||     8
Dodge: Dodged            |    40 |    19 ||    59
